 Dungeon Crawl Stone Soup version 0.32-a0-576-g706899e69d (webtiles) character file.

Game seed: 15380392232462833398

64 snarfax the Shield-Bearer (level 3, -4/33 HPs)
             Began as a Mountain Dwarf Fighter on Mar 1, 2024.
             Slain by Sigmund
             ... wielding a +1 scythe of flaming
              (9 damage)
             ... on level 2 of the Dungeon.
             The game lasted 00:01:55 (819 turns).

snarfax the Shield-Bearer (Mountain Dwarf Fighter)   Turns: 819, Time: 00:01:56

Health: -4/33      AC:  7    Str: 20    XL:     3   Next: 91%
Magic:  3/3        EV:  9    Int:  8    God:
Gold:   68         SH:  4    Dex:  9    Spells: 2/2 levels left

rFire   . . .        a - +1 war axe
rCold   . . .        c - +0 buckler
rNeg    . . .        b - +0 scale mail
rPois   .            (no helmet)
rElec   .            (no cloak)
rCorr   .            (no gloves)
SInv    .            (no boots)
Will    .....        (no amulet) Stlth
                     (no ring)
HPRegen 0.25/turn    (no ring)
MPRegen 0.08/turn

%: no passive effects
@: no status effects
A: runic magic, artefact enchanting
a: no special abilities


You were on level 2 of the Dungeon.
You visited 1 branch of the dungeon, and saw 2 of its levels.

You collected 68 gold pieces.

Inventory:

Hand Weapons
 a - a +1 war axe (weapon)
Armour
 b - a +0 scale mail (worn)
 c - a +0 buckler (worn)
Jewellery
 k - a ring of poison resistance
Scrolls
 j - a scroll of teleportation
Potions
 f - a potion of lignification {unknown}
 h - a potion of degeneration {unknown}


   Skills:
 + Level 3.7 Fighting
 * Level 3.7 Axes
 + Level 3.7 Armour
 + Level 3.7 Shields


You had 2 spell levels left.
You didn't know any spells.
Your spell library was empty.

Dungeon Overview and Level Annotations

Branches:
Dungeon (2/15)

Altars:

Annotations:
D:2 Sigmund


Innate Abilities, Weirdness & Mutations

Your spellcasting is much less encumbered by armour.
You can use scrolls of enchantment on lesser artefacts.


Message History

Things that are here:
a +0 hand axe; a +0 scale mail; the human corpse of Terence A rat comes into view.
The rat squeaks loudly.
The rat bites you but does no damage.
You slash the rat!
You kill the rat!
No target in view!
No target in view!
You see here a rat corpse.
Sigmund the Dreaded comes into view.
He is wielding a +1 scythe of flaming.
Found a bubbling grey potion.
Sigmund shouts!
Sigmund casts a spell at you. The magic dart hits you.
You hit Sigmund.
Sigmund is lightly wounded.
Sigmund hits you with a +1 scythe of flaming.
Sigmund burns you.
You closely miss Sigmund.
Sigmund is lightly wounded.
You block Sigmund's attack.
You barely miss Sigmund.
Sigmund is lightly wounded.
Sigmund hits you with a +1 scythe of flaming.
Sigmund burns you.
You closely miss Sigmund.
Sigmund is lightly wounded.
Sigmund barely misses you.
You barely miss Sigmund.
Sigmund is lightly wounded.
Sigmund hits you with a +1 scythe of flaming!
* * * LOW HITPOINT WARNING * * *
Sigmund burns you.
* * * LOW HITPOINT WARNING * * *
You hit Sigmund.
Sigmund is moderately wounded.
Sigmund hits you with a +1 scythe of flaming!
You die...
Sigmund begins carving another notch in his scythe.

## ##.!
#...#
#...###
#.@.###
###@..#
###...###
##...###
#...##
##...###
###...###
###...##
##.#.#
#...#


You could see Sigmund.

Vanquished Creatures
  Terence (D:2)
  A dart slug (D:1)
  5 endoplasms (D:1)
  3 giant cockroaches (D:1)
  2 goblins (D:1)
  2 hobgoblins (D:1)
  2 jackals (D:1)
  5 kobolds (D:1)
  A quokka (D:1)
  4 bats (D:1)
  A frilled lizard (D:1)
  6 rats
33 creatures vanquished.

Notes
Turn   | Place    | Note
-------+----------+-------------------------------------------
     0 | D:1      | snarfax the Mountain Dwarf Fighter began the quest for the
                  | Orb.
     0 | D:1      | Reached XP level 1. HP: 19/19 MP: 1/1
    86 | D:1      | Reached XP level 2. HP: 26/26 MP: 2/2
   296 | D:1      | Reached XP level 3. HP: 31/31 MP: 3/3
   549 | D:1      | Found a faded altar of an unknown god.
   632 | D:2      | Noticed Terence
   656 | D:2      | Killed Terence
   812 | D:2      | Noticed Sigmund
   819 | D:2      | Slain by Sigmund

Illustrated notes

Levels and vault maps discovered:
D:1:      minmay_arrival_checkered_box, layout_basic,
          chequers_ecumenical_altar_lobes, minmay_tetromino_s4
D:2:      minmay_recursive_quarters, layout_basic, serial_curves,
          eino_curves_03, eino_curves_01, eino_curves_04, eino_curves_04,
          hex_intersection, uniq_sigmund, uniq_terence

Skill      XL: |  1  2 |
---------------+-------+-----
Axes           | 3 |  3.7
Fighting       | |  3.7
Armour         | |  3.7
Shields        | |  3.7

Action                     || total
---------------------------++-------
  Melee: War axe           ||    95
    Use: Scroll            ||     4
         Potion            ||     1
 Armour: Scale mail        ||    75
  Dodge: Dodged            ||    59
  Block: Buckler           ||    25

Table legend: (Time is in decaauts)
 A = Elapsed time spent in this place.
 B = Non-inter-level travel time spent in this place.
 C = Inter-level travel time spent in this place.
 D = Time resting spent in this place.
 E = Time spent auto-exploring this place.
 F = Levels seen in this place.
 G = Mean time per level.
                   A        B        C        D        E       F      G
               +--------+--------+--------+--------+--------+-----+--------+
         Total |    854 |    844 |     10 |    108 |    501 |   2 |  427.0 |
       Dungeon |    854 |    844 |     10 |    108 |    501 |   2 |  427.0 |
               +--------+--------+--------+--------+--------+-----+--------+

Top non-repeatable levels by time:
     D:1: 662 daAuts
     D:2: 192 daAuts
